 Dungeon Crawl Stone Soup version 0.28.0-45-g0d030f2227 (webtiles) character file.

Game seed: 12910610889263089155

592993 protoss039 the Slayer (level 26, -1/322 HPs)
             Began as a Yellow Draconian Conjurer on May 16, 2022.
             Was the Champion of Vehumet.
             Slain by a golden dragon (26 damage)
             ... on level 3 of the Realm of Zot on May 17, 2022.
             The game lasted 04:34:08 (97480 turns).

protoss039 the Slayer (Yellow Draconian Conjurer)  Turns: 97480, Time: 04:34:09

Health: -1/322     AC: 36    Str: 21    XL:     26   Next: 26%
Magic:  20/57      EV:  9    Int: 33    God:    Vehumet [******]
Gold:   5349       SH: 14    Dex:  9    Spells: 6/68 levels left

rFire   + . .      SeeInvis +   a - +12 falchion of Certain Death {venom, rF+}
rCold   + . .      Faith    .   u - +0 kite shield {reflect}
rNeg    + . .      Spirit   .   (armour unavailable)
rPois   ∞          Reflect  +   c - +1 hat "Engekhlot" {Rampage rC+}
rElec   +          Harm     .   O - +2 cloak {Will+}
rCorr   +          Rampage  +   (gloves currently unavailable)
Will    +++..                   (boots currently unavailable)
Stlth   +.........              q - amulet of the Neverending Deaths {RegenMP Str+4}
HPRegen 0.63/turn               m - ring of the Ladybird {Will+ Str+6}
MPRegen 0.75/turn               X - ring of the Hero {rPois MP+9 Int+3 SInv Stlth-}

@: statue-form, very slightly contaminated, slowed, constricted, studying 2
skills, very slow
A: slow and powerful, torment resistance 1, boosted hp, (spit acid), AC +12,
unfitting armour, acidic bite, cold-blooded, acid resistance
}: 3/15 runes: serpentine, barnacled, silver
a: End Transformation, Renounce Religion


You were on level 3 of the Realm of Zot.
You worshipped Vehumet.
Vehumet was exalted by your worship.
You were a living statue of rough stone.
You visited 11 branches of the dungeon, and saw 50 of its levels.
You also visited: Ossuary and Bailey.

You collected 9904 gold pieces.
You spent 4555 gold pieces at shops.

Inventory:

Hand Weapons
 a - the +12 falchion of Certain Death (weapon) {venom, rF+}
   (You bought it in a shop on level 2 of the Orcish Mines)

   It poisons the flesh of those it strikes.
   rF:        It protects you from fire.
 w - the +2 mace "Spiderslayer" {spect, rC+ Str+3}
   (You found it on level 2 of the Dungeon)

   When its wielder attacks, the weapon's spirit leaps out and strikes again.
   The spirit shares a part of any damage it takes with its wielder.
   Str:       It affects your strength (+3).
   rC:        It protects you from cold.
Missiles
 e - 2 silver javelins (quivered)
 D - 10 throwing nets
Armour
 c - the +1 hat "Engekhlot" (worn) {Rampage rC+}
   (You acquired it on level 3 of the Crypt)

   rC:        It protects you from cold.
   Rampage:   It bestows one free step when moving towards enemies.
 n - a +2 pair of gloves (melded)
 r - the +2 pair of boots of Hadjma (melded) {Int+5}
   (You found it on level 3 of the Elven Halls)

   Int:       It affects your intelligence (+5).
 u - a +0 kite shield of reflection (worn)
 y - a +1 buckler of resistance
 B - the +4 tower shield "Qinef" {rN+++ Str-5 Slay+5}
   (You took it off Mennas on level 4 of the Vaults)

   Str:       It affects your strength (-5).
   Slay:      It affects your accuracy & damage with ranged weapons and melee
   (+5).
   rN:        It renders you almost immune to negative energy.
 O - a +2 cloak of willpower (worn)
 R - the +2 cloak "Hautzoa" {Harm rCorr MP+9 Int+7}
   (You acquired it on level 2 of the Shoals)

   Int:       It affects your intelligence (+7).
   MP:        It affects your magic capacity (+9).
   rCorr:     It protects you from acid and corrosion.
   Harm:      It increases damage dealt and taken.
 S - a scarf of resistance
Magical Staves
 s - a staff of earth
Jewellery
 j - a ring of wizardry
 m - the ring of the Ladybird (left fist) {Will+ Str+6}
   (You took it off a deep elf demonologist on level 3 of the Elven Halls)

   [ring of strength]

   Str:       It affects your strength (+6).
   Will:      It increases your willpower.
 q - the amulet of the Neverending Deaths (around neck) {RegenMP Str+4}
   (You took it off a vault sentinel on level 5 of the Vaults)

   [amulet of magic regeneration]

   It increases your rate of magic regeneration.
   Str:       It affects your strength (+4).
 I - an amulet of reflection
 P - a +6 ring of intelligence
 Q - the ring of Toacw {Fly rF+ rN+ rCorr Dex+4}
   (You found it on level 3 of the Crypt)

   [ring of positive energy]

   Dex:       It affects your dexterity (+4).
   rF:        It protects you from fire.
   rN:        It protects you from negative energy.
   Fly:       It grants you flight.
   rCorr:     It protects you from acid and corrosion.
 X - the ring of the Hero (right fist) {rPois MP+9 Int+3 SInv Stlth-}
   (You found it on level 4 of the Shoals)

   [ring of magical power]

   Int:       It affects your intelligence (+3).
   rPois:     It protects you from poison.
   MP:        It affects your magic capacity (+9).
   SInv:      It lets you see invisible.
   Stlth:     It makes you less stealthy.
Wands
 h - a wand of acid (33)
 p - a wand of digging (16)
 Z - a wand of iceblast (24)
Scrolls
 k - 4 scrolls of brand weapon
 l - 9 scrolls of blinking
 t - 9 scrolls of fear
 x - 10 scrolls of enchant armour
 C - 2 scrolls of summoning
 E - 3 scrolls of torment
 H - 6 scrolls of enchant weapon
 J - 21 scrolls of teleportation
 L - 7 scrolls of amnesia
 M - 8 scrolls of fog
 N - 4 scrolls of immolation
 T - 9 scrolls of magic mapping
Potions
 b - 6 potions of haste
 d - 3 potions of magic
 f - 6 potions of might
 g - 11 potions of lignification
 i - 4 potions of cancellation
 o - 5 potions of resistance
 v - 7 potions of invisibility
 z - 5 potions of heal wounds
 F - 5 potions of ambrosia
 G - 17 potions of mutation
 K - 5 potions of brilliance
 W - 21 potions of curing
Miscellaneous
 V - a phantom mirror
 Y - a condenser vane


   Skills:
 + Level 22.4 Fighting
 - Level 3.0 Dodging
 - Level 3.0 Stealth
 + Level 21.1 Shields
 * Level 21.6 Spellcasting
 - Level 15.0 Conjurations
 - Level 9.0 Necromancy
 - Level 9.0 Transmutations
 - Level 15.0 Fire Magic
 * Level 20.3 Earth Magic


You had 6 spell levels left.
You knew the following spells:

 Your Spells              Type           Power      Damage    Failure   Level
a - Iskenderun's Mystic   Conj/Tloc      71%        2d14      1%          4
b - Passwall              Tmut/Erth      77%        N/A       0%          2
d - Statue Form           Tmut/Erth      62%        N/A       1%          6
e - Fire Storm            Conj/Fire      47%        8d12      50%         9
f - Ignition              Fire           47%        3d13      4%          8
g - Shatter               Erth           53%        3d40*     8%          9
h - Freezing Cloud        Conj/Ice/Air   31%        6-21      1%          5
i - Borgnjor's Vile Clut  Necr/Erth      46%        N/A       1%          5
j - Iron Shot             Conj/Erth      50%        9d10      1%          6
k - Lehudib's Crystal Sp  Conj/Erth      50%        10d12     1%          8

Your spell library contained the following spells:

 Spells                   Type           Power      Damage    Failure   Level
 Maxwell's Capacitive Co  Air            17%        ∞         100%        8
 Magic Dart               Conj           100%       1d8       0%          1
 Sandblast                Erth           100%       2d20      0%          1
 Scorch                   Fire           100%       2d10      0%          2
 Searing Ray              Conj           100%       2d8       0%          2
 Conjure Flame            Conj/Fire      94%        6-21      0%          3
 Stone Arrow              Conj/Erth      100%       3d13      0%          3
 Lee's Rapid Deconstruct  Erth           53%        3d26*     0%          5
 Animate Skeleton         Necr           100%       N/A       1%          1
 Apportation              Tloc           70%        N/A       1%          1
 Pain                     Necr           100%       1d9       1%          1
 Summon Small Mammal      Summ           100%       N/A       1%          1
 Blink                    Tloc           70%        N/A       1%          2
 Call Imp                 Summ           35%        N/A       1%          2
 Corpse Rot               Necr/Air       100%       N/A       1%          2
 Poisonous Vapours        Pois/Air       70%        N/A       1%          2
 Static Discharge         Conj/Air       71%        N/A       1%          2
 Dazzling Flash           Conj/Hex       100%       N/A       1%          3
 Ignite Poison            Fire/Tmut/Pois 73%        N/A       1%          3
 Mephitic Cloud           Conj/Pois/Air  62%        N/A       1%          3
 Vampiric Draining        Necr           76%        2d11      1%          3
 Anguish                  Hex/Necr       30%        N/A       1%          4
 Animate Dead             Necr           38%        N/A       1%          4
 Dispel Undead            Necr           76%        3d25      1%          4
 Flame Wave               Conj/Fire      94%        2d16      1%          4
 Fulminant Prism          Conj/Hex       35%        3d18      1%          4
 Leda's Liquefaction      Hex/Erth       40%        N/A       1%          4
 Petrify                  Tmut/Erth      93%        N/A       1%          4
 Sticky Flame             Conj/Fire      94%        2d10      1%          4
 Blade Hands              Tmut           38%        N/A       1%          5
 Fireball                 Conj/Fire      47%        3d19      1%          5
 Irradiate                Conj/Tmut      43%        3d27      1%          5
 Iskenderun's Battlesphe  Conj           94%        2d14      1%          5
 Lightning Bolt           Conj/Air       35%        1d53      1%          5
 Yara's Violent Unravell  Hex/Tmut       30%        3d13      1%          5
 Starburst                Conj/Fire      47%        6d13      1%          6
 Call Canine Familiar     Summ           35%        N/A       3%          3
 Gell's Gravitas          Tloc           35%        N/A       3%          3
 Lesser Beckoning         Tloc           35%        N/A       3%          3
 Ozocubu's Armour         Ice            35%        N/A       3%          3
 Summon Guardian Golem    Hex/Summ       35%        N/A       3%          3
 Teleport Other           Tloc           35%        N/A       3%          3
 Tukima's Dance           Hex            35%        N/A       3%          3
 Alistair's Intoxication  Tmut/Pois      40%        N/A       4%          5
 Death Channel            Necr           38%        N/A       4%          6
 Eringya's Noxious Bog    Tmut/Pois      30%        N/A       8%          6
 Cause Fear               Hex            17%        N/A       12%         4
 Passage of Golubria      Tloc           35%        N/A       12%         4
 Summon Lightning Spire   Summ/Air       35%        N/A       12%         4
 Simulacrum               Ice/Necr       30%        N/A       28%         6
 Manifold Assault         Tloc           35%        N/A       32%         5
 Metabolic Englaciation   Hex/Ice        17%        N/A       32%         5
 Silence                  Hex/Air        17%        N/A       32%         5
 Summon Forest            Summ/Tloc      17%        N/A       32%         5
 Summon Mana Viper        Hex/Summ       35%        N/A       32%         5
 Dispersal                Tloc           17%        N/A       87%         6
 Summon Cactus Giant      Summ           17%        N/A       87%         6
 Spellforged Servitor     Conj/Summ      35%        N/A       12%         7
 Dragon Form              Tmut           38%        N/A       24%         7
 Borgnjor's Revivificati  Necr           38%        N/A       88%         8
 Necromutation            Tmut/Necr      38%        N/A       88%         8
 Ozocubu's Refrigeration  Ice            17%        4d8       90%         7
 Enfeeble                 Hex            17%        N/A       100%        7
 Disjunction              Tloc           17%        N/A       100%        8
 Chain Lightning          Conj/Air       35%        3d47      100%        9
 Death's Door             Necr           38%        N/A       100%        9
 Dragon's Call            Summ           17%        N/A       100%        9


Dungeon Overview and Level Annotations

Branches:
Dungeon (15/15)            Temple (1/1) D:6            Lair (6/6) D:9
 Shoals (4/4) Lair:2        Snake (4/4) Lair:4        Slime (0/5) Lair:6
    Orc (2/2) D:9             Elf (3/3) Orc:2        Vaults (5/5) D:13
  Crypt (3/3) Vaults:3       Tomb (0/3) Crypt:3      Depths (4/4) D:15
    Zot (3/5) Depths:4    Ossuary (visited)          Bailey (visited)

Altars:
Ashenzari
Cheibriados
Dithmenos
Elyvilon
Fedhas
Gozag
Hepliaklqana
Kikubaaqudgha
Makhleb
Nemelex Xobeh
Okawaru
Qazlal
Ru
Sif Muna
Trog
Uskayaw
Vehumet
Wu Jian
Xom
Yredelemnul
Zin
The Shining One
Jiyva
Lugonu

Shops:
D:6 *   D:15 [:   Orc:2 :[*(:   Elf:2 [   Elf:3 :!:!   Snake:4 (?[!
Vaults:2 [

Portals:
Hell: Depths:1 Depths:2 Depths:3 Depths:4
Abyss: Lair:6 Depths:3 Depths:4
Pandemonium: Depths:2 Depths:4
Ziggurat: Depths:1
Trove: Elf:1 (give horn of Geryon)

Annotations:
D:14 3 runed translucent doors
Snake:3 protoss039's ghost, adept FoFi


Innate Abilities, Weirdness & Mutations

You are a living statue of rough stone.
Your actions are slow, but your melee attacks are powerful.
You are resistant to unholy torment.
Your maximum health is greatly increased.
You are immune to poison.
Your equipment is partially melded.
((You can spit globs of acid.))
((Your golden yellow scales are hard. (AC +12)))
You cannot fit into any form of body armour.
You have acidic saliva.
You are cold-blooded and may be slowed by cold attacks.
You are resistant to acid. (rCorr)


Message History

The tentacled monstrosity tentacle-slaps you.
* * * LOW HITPOINT WARNING * * *
You block the tentacled monstrosity's attack.
The tentacled monstrosity constricts you.
The death cob barely misses you. The golden dragon bites you!
* * * LOW HITPOINT WARNING * * *
The golden dragon barely misses you. The golden dragon tramples you.
* * * LOW HITPOINT WARNING * * *
You are held in place!
The tentacled monstrosity barely misses you.
The tentacled monstrosity tentacle-slaps you but does no damage.
The tentacled monstrosity tentacle-slaps you!
* * * LOW HITPOINT WARNING * * *
The tentacled monstrosity constricts you.
The death cob misses you. The golden dragon bites you!
* * * LOW HITPOINT WARNING * * *
The golden dragon claws you but does no damage.
The golden dragon tramples you but does no damage.
Unknown command.
Unknown command.
Blink to where?
Press: ? - help, Dir - move target The tentacled monstrosity's grasp on you weakens, but your attempt to escape fails.
As you read the scroll of blinking, it crumbles to dust.
The death cob hits you but does no damage. x2
The tentacled monstrosity tentacle-slaps you but does no damage.
You block the tentacled monstrosity's attack.
The tentacled monstrosity barely misses you.
The tentacled monstrosity constricts you.
The death cob hits you but does no damage.
You block the golden dragon's attack. x2
The golden dragon tramples you but does no damage.
The tentacled monstrosity tentacle-slaps you.
* * * LOW HITPOINT WARNING * * *
The tentacled monstrosity completely misses you.
The tentacled monstrosity closely misses you.
The tentacled monstrosity constricts you.
The death cob hits you but does no damage.
The golden dragon bites you!!
You die...

...............
...............
...............
...............
...............
.....).y.......
......zDX......
......[8.......
.....#.#..#.##.
.#. ... ..#
#..# ...# #..#
...# #.# ....
## .#### ..


You could see a tentacled monstrosity (berserk), a golden dragon (berserk), a
death cob and a moth of wrath.

Vanquished Creatures
  Khufu (Crypt:3)
  2 ancient liches (Vaults:5)
  Mennas (Vaults:4)
  A juggernaut (Depths:2)
  2 royal mummies (Crypt:3)
  Margery (Vaults:3)
  Bai Suzhen (Vaults:4)
  Frederick (Vaults:4)
  Saint Roka (Vaults:5)
  Xtahua (Vaults:5)
  4 caustic shrikes
  Nikola (Shoals:1)
  7 golden dragons
  the Enchantress (Depths:1)
  A bone dragon (Depths:4)
  Jory (Crypt:1)
  An electric golem (Zot:1)
  A spectral shard shrike (Crypt:3)
  13 tentacled monstrosities
  Jorgrun (Snake:2)
  A walking frostbound tome (Depths:3)
  2 deep elf blademasters (Elf:3)
  3 quicksilver dragons
  A titan (Vaults:5)
  5 death cobs
  5 liches
  A deep elf master archer (Elf:3)
  5 ancient champions
  Polyphemus (Shoals:2)
  5 sphinxes
  2 krakens (Shoals:2)
  Agnes (D:15)
  9 storm dragons
  7 tengu reavers
  10 shadow dragons
  Roxanne (D:15)
  Donald (Snake:2)
  Ilsuiw (Shoals:2)
  6 draconian monks
  5 revenants
  2 iron dragons
  4 deep elf sorcerers
  6 frost giants
  7 draconian knights
  6 nagarajas
  11 vault wardens
  8 fire giants
  2 orc warlords
  6 draconian scorchers
  A caustic shrike zombie (Crypt:1)
  Aizul (Snake:4)
  7 curse skulls
  6 draconian shifters
  A reaper (Crypt:3)
  3 war gargoyles
  11 deep elf elementalists (Elf:3)
  3 draconian stormcallers
  19 ironbound preservers
  2 draconian annihilators (Zot:2)
  4 spriggan defenders
  14 stone giants
  A juggernaut skeleton (Crypt:2)
  26 very ugly things
  4 green draconians
  11 ironbound thunderhulks
  2 deep elf demonologists (Elf:3)
  10 vampire knights
  6 dire elephants
  7 deep elf annihilators
  4 black draconians
  6 purple draconians
  8 red draconians
  8 spark wasps
  6 white draconians
  5 entropy weavers
  6 yellow draconians
  A bunyip (shapeshifter) (Vaults:5)
  2 mummy priests (Crypt:1)
  2 blizzard demons (D:13)
  5 deep elf death magi
  An ettin (shapeshifter) (Lair:6)
  5 eidola
  6 ettins
  6 jiangshi
  6 merfolk javelineers
  6 ice dragons
  14 merfolk impalers
  6 deep elf high priests
  10 fire dragons
  11 great orbs of eyes
  12 yaktaur captains
  A great orb of eyes (shapeshifter) (D:15)
  11 naga warriors
  33 vault guards
  A spectral spriggan (Crypt:3)
  6 spriggan air magi
  The ghost of Seraphu the Severer, a journeyman HOFi of Okawaru (D:10)
  5 ogre magi
  6 boulder beetles
  2 salamander tyrants (Snake:4)
  11 hydras
  2 catoblepae
  6 merfolk avatars
  2 hell beasts (Depths:1)
  8 centaur warriors
  3 rakshasas
  8 anacondas
  7 ironbound frosthearts
  5 death knights
  35 dancing weapons
  2 death yaks (Shoals:2)
  4 satyrs
  2 merfolk aquamancers (Shoals:4)
  7 deep troll earth magi
  A two-headed ogre (shapeshifter) (Vaults:5)
  4 tengu warriors
  4 deep troll shamans
  8 two-headed ogres
  2 alligator snapping turtles
  3 thrashing horrors (Lair:6)
  3 alligators (Shoals:3)
  6 naga sharpshooters
  2 hell hogs (Depths:1)
  2 soul eaters
  8 vampire magi
  A titan zombie (Crypt:1)
  4 orc high priests (Orc:2)
  6 shock serpents
  5 spriggan berserkers
  A sun demon (Depths:1)
  27 deep elf knights
  10 hell knights
  7 salamander mystics
  19 shadow wraiths
  20 skeletal warriors
  An iron giant zombie (Crypt:2)
  2 goliath frogs (Shoals:3)
  14 sea snakes
  4 glowing orange brains
  65 deep trolls
  14 flayed ghosts
  6 iron trolls
  An anaconda zombie (Crypt:1)
  5 naga ritualists
  An obsidian statue (Snake:4)
  20 ironbound convokers
  A deep troll (shapeshifter) (Vaults:5)
  11 lindwurms
  12 orc knights
  9 wizards
  35 deep elf pyromancers
  13 deep elf archers
  20 harpies
  27 phantasmal warriors
  An iron dragon zombie (Crypt:2)
  29 deep elf zephyrmancers
  10 necromancers
  3 orc sorcerers (Orc:2)
  11 manticores
  8 mana vipers
  7 moths of wrath (Zot:1)
  9 cyclopes
  20 fauns
  53 ugly things
  12 elephants
  11 salamanders
  A faun (shapeshifter) (Depths:2)
  A manticore (shapeshifter) (Vaults:5)
  6 guardian serpents
  4 water nymphs
  11 merfolk sirens
  A human skeleton (Crypt:1)
  38 black mambas
  2 spectral centaurs (Crypt:3)
  7 naga magi
  24 vault sentinels
  2 torpor snails
  2 water nymphs (shapeshifter)
  2 gargoyles (D:12)
  A rime drake (shapeshifter) (D:14)
  9 smoke demons
  3 rime drakes
  34 yaktaurs
  A steelbarb worm zombie (Crypt:3)
  14 cane toads
  4 unseen horrors
  2 kobold demonologists
  2 hellions (Depths:1)
  A redback zombie (Crypt:3)
  An efreet (D:13)
  2 tengu conjurers
  5 ice devils (D:13)
  6 komodo dragons
  A spectral harpy (Crypt:3)
  14 freezing wraiths
  A spectral naga (Crypt:3)
  A komodo dragon (shapeshifter) (D:13)
  4 guardian mummies (Crypt:3)
  2 ancient zymes (Lair:6)
  8 trolls
  6 hornets
  3 meliai (D:14)
  A polar bear (Lair:2)
  33 merfolk
  10 wind drakes
  A guardian serpent zombie (Crypt:1)
  42 slime creatures
  15 dream sheep
  23 blink frogs
  10 snapping turtles
  A blink frog (shapeshifter) (Lair:6)
  A culicivora (Vaults:2)
  A spriggan skeleton (Depths:1)
  8 shadows (Crypt:3)
  12 flying skulls
  2 spriggans (shapeshifter)
  13 spriggans
  A dire elephant simulacrum (Crypt:1)
  16 wraiths
  3 wyverns
  17 water elementals
  An ice dragon skeleton (Crypt:3)
  An air elemental (Elf:3)
  Eustachio (D:6)
  45 yaks
  3 vampires
  10 basilisks
  A black mamba skeleton (Crypt:3)
  A chaos spawn (Lair:6)
  2 fire elementals
  A steam dragon (Bailey)
  10 vampire mosquitoes
  8 redbacks
  Grum (D:11)
  A redback (shapeshifter) (Elf:1)
  A wind drake skeleton (Crypt:1)
  Menkaure (Ossuary)
  3 wargs
  30 nagas
  14 water moccasins
  3 acid dragons
  A merfolk skeleton (Crypt:3)
  2 floating eyes
  5 black bears
  A spriggan simulacrum (Depths:1)
  2 swamp dragon zombies
  An ice beast (shapeshifter) (Depths:3)
  42 orc warriors
  An ice beast (D:6)
  A necrophage (D:5)
  An ettin simulacrum (Depths:1)
  9 ogres
  29 wolves
  6 boggarts (Vaults:4)
  12 small abominations (Lair:6)
  A snapping turtle skeleton (Crypt:1)
  15 centaurs
  A kobold brigand (D:7)
  9 bullfrogs
  A gnoll sergeant (D:10)
  5 earth elementals
  3 scorpions
  A water moccasin zombie (D:5)
  A wyvern zombie (D:7)
  A draconian skeleton (Crypt:1)
  13 wights
  5 howler monkeys
  A yak skeleton (Crypt:2)
  9 electric eels
  3 hounds
  A centaur zombie (D:7)
  A gnoll shaman (D:6)
  24 orc priests
  3 centaur skeletons
  Jessica (D:2)
  3 iguanas
  30 orc wizards
  A killer bee zombie (Crypt:1)
  A felid skeleton (Crypt:3)
  A hound skeleton (D:5)
  4 mummies
  Robin (D:3)
  8 adders
  12 gnolls
  A swamp drake zombie (Crypt:3)
  A white imp (D:6)
  2 adder skeletons
  A worm (D:5)
  A barachi skeleton (Crypt:2)
  2 dart slugs
  106 orcs
  8 ball pythons
  4 bats
  4 endoplasms
  3 giant cockroaches (D:4)
  6 gnoll zombies (Ossuary)
  18 goblins
  10 hobgoblins
  11 jackals
  8 kobolds
  2 quokkas
  2 ball python skeletons
  6 frilled lizards
  2 giant cockroach zombies
  9 gnoll skeletons
  2 goblin skeletons (Ossuary)
  2 goblin zombies (Ossuary)
  2 hobgoblin skeletons (Ossuary)
  A hobgoblin zombie (Ossuary)
  A jackal skeleton (Crypt:2)
  8 kobold skeletons (Ossuary)
  4 kobold zombies (Ossuary)
  An orc skeleton (Ossuary)
  7 orc zombies (Ossuary)
  A quokka zombie (D:6)
  4 rats
  4 rat skeletons (Ossuary)
  6 rat zombies
  A butterfly (D:13)
  A tentacle (Shoals:2)
2287 creatures vanquished.

Vanquished Creatures (others)
  A deep troll (Vaults:3)
  A harpy (Shoals:2)
  A wizard (Depths:1)
  2 deep elf zephyrmancers (Elf:1)
  2 deep elf pyromancers (Elf:1)
  A smoke demon (Depths:1)
  An acid dragon (D:13)
  39 fungi
  142 plants
  3 tentacles (Shoals:2)
193 creatures vanquished.

Grand Total: 2480 creatures vanquished

Notes
Turn   | Place    | Note
-------+----------+-------------------------------------------
     0 | D:1      | protoss039 the Draconian Conjurer began the quest for the
                  | Orb.
     0 | D:1      | Reached XP level 1. HP: 14/14 MP: 3/3
   137 | D:1      | Reached skill level 1 in Fighting
   265 | D:1      | Reached XP level 2. HP: 8/23 MP: 0/5
   741 | D:1      | Reached skill level 2 in Fighting
  1051 | D:1      | Reached XP level 3. HP: 30/30 MP: 6/6
  1128 | D:1      | Learned a level 2 spell: Searing Ray
  1529 | D:2      | Reached skill level 3 in Fighting
  1649 | D:2      | Reached XP level 4. HP: 33/38 MP: 3/8
  2300 | D:2      | Found a faded altar of an unknown god.
  2305 | D:2      | Noticed Jessica
  2314 | D:2      | Killed Jessica
  2315 | D:2      | Reached skill level 4 in Fighting
  2590 | D:2      | Identified the +2 mace "Spiderslayer" {spect, rC+ Str+3}
  2686 | D:3      | Reached XP level 5. HP: 47/47 MP: 3/9
  2690 | D:3      | Learned a level 3 spell: Mephitic Cloud
  2912 | D:3      | Noticed Robin
  2922 | D:3      | Killed Robin
  3324 | D:3      | Found a shadowy altar of Dithmenos.
  3829 | D:4      | Reached skill level 5 in Fighting
  3831 | D:4      | Reached XP level 6. HP: 44/56 MP: 4/11
  4421 | D:4      | Noticed a water moccasin
  4428 | D:4      | Killed a water moccasin
  4429 | D:4      | Reached skill level 6 in Fighting
  4806 | D:4      | Your scales start taking on a golden yellow colour.
  4806 | D:4      | Reached XP level 7. HP: 57/63 MP: 7/14
  4806 | D:4      | Gained mutation: You are resistant to acid. (rCorr) [Yellow
                  | Draconian growth]
  4947 | D:4      | Reached skill level 5 in Spellcasting
  5041 | D:5      | Entered Level 5 of the Dungeon
  5041 | D:5      | Found an iron altar of Okawaru.
  6575 | D:5      | Reached XP level 8. HP: 54/70 MP: 18/18
  7293 | D:6      | Found a sand-covered staircase.
  7293 | D:6      | Noticed Eustachio
  7319 | D:6      | Killed Eustachio
  7325 | Ossuary  | Entered an ossuary
  7690 | Ossuary  | Noticed Menkaure
  7692 | Ossuary  | Killed Menkaure
  7693 | Ossuary  | Reached skill level 5 in Conjurations
  7924 | D:6      | Found Ellopsasm's Serpentskin Sales.
  7970 | D:6      | Reached XP level 9. HP: 67/78 MP: 21/21
  8350 | D:6      | Reached skill level 7 in Fighting
  8590 | D:6      | Found a stormy altar of Qazlal.
  8594 | D:6      | Found a staircase to the Ecumenical Temple.
  8635 | Temple   | Entered the Ecumenical Temple
  8965 | Temple   | Became a worshipper of Vehumet
  9448 | D:6      | Noticed a kobold demonologist
  9452 | D:6      | Noticed a hellwing
  9453 | D:6      | Noticed a soul eater
  9455 | D:6      | Killed a kobold demonologist
  9493 | D:6      | Killed an unseen horror
  9494 | D:6      | Reached skill level 8 in Fighting
 10636 | D:7      | Identified the +3 scale mail "Docidgh" {Drain Int+5}
 10661 | D:7      | Reached skill level 9 in Fighting
 10661 | D:7      | Reached XP level 10. HP: 27/86 MP: 7/23
 12212 | D:8      | Reached * piety under Vehumet
 12212 | D:8      | Offered knowledge of Sandblast by Vehumet.
 12233 | D:8      | Noticed a two-headed ogre
 12234 | D:8      | Found a sacrificial altar of Ru.
 12301 | D:7      | HP: 2/91 [two-headed ogre/+0 giant spiked club (23)]
 12302 | D:7      | Killed a two-headed ogre
 13411 | D:8      | Learned a level 1 spell: Sandblast
 13496 | D:9      | Reached skill level 10 in Fighting
 13550 | D:8      | HP: 4/93 [yak (11)]
 13554 | D:8      | Reached skill level 1 in Earth Magic
 14405 | D:8      | Learned a level 4 spell: Iskenderun's Mystic Blast
 14577 | D:9      | Reached skill level 10 in Spellcasting
 14873 | D:9      | Found a staircase to the Orcish Mines.
 14931 | D:9      | Found a staircase to the Lair.
 15425 | D:10     | Entered Level 10 of the Dungeon
 15437 | D:10     | Noticed a two-headed ogre
 15454 | D:9      | Killed a two-headed ogre
 15455 | D:9      | Reached skill level 11 in Fighting
 15455 | D:9      | Reached XP level 11. HP: 102/102 MP: 25/25
 15674 | D:10     | Found a flagged portal.
 15696 | Bailey   | Entered a bailey
 16067 | Bailey   | Noticed a two-headed ogre
 16075 | Bailey   | Killed a two-headed ogre
 16399 | D:10     | Reached ** piety under Vehumet
 16399 | D:10     | Offered knowledge of Static Discharge by Vehumet.
 16401 | D:10     | Reached skill level 12 in Fighting
 17013 | D:11     | Found a runed translucent door.
 17014 | D:11     | Noticed an ogre mage
 17014 | D:11     | Noticed a necromancer
 17014 | D:11     | Noticed an ettin
 17014 | D:11     | Noticed a lich
 17015 | D:11     | Identified the +3 robe of the Ladybird {Dex+4 SInv}
 17015 | D:11     | Noticed a skeletal warrior
 17019 | D:11     | Found a runed translucent door.
 17022 | D:11     | Noticed a yaktaur captain
 17022 | D:11     | Noticed Seraphu's ghost (journeyman HOFi)
 17123 | D:11     | Noticed Grum
 17142 | D:11     | Killed Grum
 17774 | D:11     | Noticed a two-headed ogre
 17775 | D:11     | Noticed a two-headed ogre
 17789 | D:11     | Killed a two-headed ogre
 17790 | D:11     | Reached skill level 13 in Fighting
 17792 | D:11     | Killed a two-headed ogre
 18191 | D:12     | Offered knowledge of Frozen Ramparts by Vehumet.
 18433 | D:12     | Learned a level 5 spell: Freezing Cloud
 18768 | D:12     | Reached XP level 12. HP: 94/115 MP: 27/27
 18822 | D:12     | Noticed a centaur warrior
 18832 | D:12     | Killed a centaur warrior
 19012 | D:12     | Noticed a tengu warrior
 19035 | D:12     | Killed a tengu warrior
 19101 | D:12     | Noticed a fire dragon
 19108 | D:12     | Killed a fire dragon
 19338 | D:12     | Noticed a four-headed hydra
 19343 | D:12     | Noticed a five-headed hydra
 19350 | D:12     | Killed a four-headed hydra
 19351 | D:12     | Reached skill level 14 in Fighting
 19351 | D:12     | Killed a five-headed hydra
 19453 | D:12     | Reached skill level 10 in Conjurations
 19849 | D:12     | Noticed a boulder beetle
 19872 | D:12     | Reached *** piety under Vehumet
 19910 | D:12     | Killed a boulder beetle
 20788 | D:12     | Noticed an ogre mage
 20797 | D:12     | Killed an ogre mage
 20821 | D:12     | Noticed a boulder beetle
 20841 | D:12     | Killed a boulder beetle
 20842 | D:12     | Reached skill level 15 in Fighting
 21011 | D:12     | Learned a level 5 spell: Borgnjor's Vile Clutch
 21023 | D:13     | Noticed a centaur warrior
 21033 | D:13     | Killed a centaur warrior
 21036 | D:13     | Noticed a two-headed ogre
 21036 | D:13     | Noticed an ironbound preserver
 21038 | D:13     | Reached skill level 1 in Necromancy
 21045 | D:13     | Killed a two-headed ogre
 21046 | D:13     | Offered knowledge of Stone Arrow by Vehumet.
 21046 | D:13     | Killed an ironbound preserver
 21047 | D:13     | Reached XP level 13. HP: 113/127 MP: 13/29
 21336 | D:12     | Learned a level 3 spell: Stone Arrow
 21685 | D:13     | Found a gate to the Vaults.
 21865 | D:13     | Reached **** piety under Vehumet
 21888 | D:13     | HP: 5/127 [cyan ugly thing (15)]
 22774 | D:13     | Offered knowledge of Lightning Bolt by Vehumet.
 22775 | D:13     | Reached skill level 5 in Earth Magic
 23389 | D:13     | Found the +8 frozen axe "Frostbite" {freezing cloud, *Noise
                  | Fly rC+}
 23390 | D:13     | Noticed a blizzard demon
 23427 | D:13     | Killed a blizzard demon
 23704 | D:13     | Noticed a blizzard demon
 23716 | D:13     | Killed a blizzard demon
 24269 | D:14     | Reached skill level 16 in Fighting
 24275 | D:14     | Reached skill level 5 in Necromancy
 25780 | D:14     | Found a runed translucent door.
 25780 | D:14     | Noticed a merfolk impaler
 25781 | D:14     | Found a runed translucent door.
 25794 | D:14     | Found a runed translucent door.
 25921 | D:15     | Entered Level 15 of the Dungeon
 25940 | D:15     | Noticed a white very ugly thing
 25948 | D:15     | Gained mutation: You have acidic saliva. [Yellow Draconian
                  | growth]
 25948 | D:15     | Reached XP level 14. HP: 138/138 MP: 14/30
 25948 | D:15     | Killed a cyan very ugly thing
 26201 | D:15     | Noticed Agnes
 26206 | D:15     | Killed Agnes
 26208 | D:15     | Reached ***** piety under Vehumet
 26417 | D:15     | Paralysed by a great orb of eyes for 4 turns
 26424 | D:15     | Offered knowledge of Conjure Ball Lightning by Vehumet.
 26995 | D:15     | Found Rirhinil's Armour Shop.
 27015 | D:15     | Found Feenod's Book Boutique.
 27041 | D:15     | Reached skill level 17 in Fighting
 27481 | D:15     | Identified Roxanne's Almanac of Stones
 27481 | D:15     | Noticed Roxanne
 27532 | D:15     | Found Fymial's Magic Scroll Boutique.
 27561 | D:15     | Bought a scroll of teleportation for 39 gold pieces
 27561 | D:15     | Bought a scroll of blinking for 97 gold pieces
 27561 | D:15     | Bought a scroll of silence for 97 gold pieces
 27561 | D:15     | Bought a scroll of fear for 45 gold pieces
 27561 | D:15     | Bought a scroll of fog for 26 gold pieces
 27561 | D:15     | Bought 3 scrolls of identify for 78 gold pieces
 27561 | D:15     | Bought a scroll of teleportation for 39 gold pieces
 27821 | D:15     | Found a staircase to the Depths.
 27910 | D:15     | Killed Roxanne
 28467 | Lair:1   | Entered Level 1 of the Lair of Beasts
 28484 | Lair:1   | Learned a level 6 spell: Iron Shot
 28487 | Lair:1   | Learned a level 2 spell: Passwall
 29210 | Lair:2   | Reached skill level 1 in Transmutations
 29424 | Lair:2   | Found a staircase to the Shoals.
 31089 | Lair:3   | Reached XP level 15. HP: 118/147 MP: 32/32
 31825 | Lair:3   | Offered knowledge of Lee's Rapid Deconstruction by Vehumet.
 32121 | Lair:3   | Learned a level 5 spell: Lee's Rapid Deconstruction
 32991 | Lair:4   | Found a staircase to the Snake Pit.
 34679 | Lair:5   | Learned a level 6 spell: Statue Form
 34687 | Lair:6   | Entered Level 6 of the Lair of Beasts
 34712 | Lair:6   | Offered knowledge of Spellforged Servitor by Vehumet.
 35776 | Lair:6   | Found a staircase to the Slime Pits.
 35776 | Lair:6   | Found a viscous altar of Jiyva.
 36783 | Lair:6   | Reached skill level 10 in Earth Magic
 37216 | Lair:6   | Offered knowledge of Iskenderun's Battlesphere by Vehumet.
 37536 | Lair:6   | Found a corrupted altar of Lugonu.
 37536 | Lair:6   | Found a one-way gate to the infinite horrors of the Abyss.
 37867 | D:11     | Killed a lich
 37871 | D:11     | Reached skill level 5 in Transmutations
 37872 | D:11     | Reached XP level 16. HP: 125/157 MP: 15/34
 37918 | D:10     | Killed Seraphu's ghost
 37919 | D:10     | Reached skill level 1 in Shields
 38579 | Orc:1    | Entered Level 1 of the Orcish Mines
 38653 | Orc:2    | Entered Level 2 of the Orcish Mines
 39629 | Orc:2    | Reached skill level 18 in Fighting
 39709 | Orc:2    | Offered knowledge of Fireball by Vehumet.
 39710 | Orc:2    | Found Lereliph's Self-Improvement Boutique.
 39969 | Orc:2    | Found a staircase to the Elven Halls.
 40230 | Orc:2    | Found Izuontin's Antique Armour Boutique.
 40231 | Orc:2    | Found Zaudyisi's Antique Weapon Boutique.
 40233 | Orc:2    | Found Quidaat's General Store.
 40233 | Orc:2    | Found Cympomafo's Book Shop.
 40240 | Orc:2    | Bought an ichor-stained falchion for 280 gold pieces
 40240 | Orc:2    | Identified the +12 falchion of Certain Death {venom, rF+}
                  | (You bought it in a shop on level 2 of the Orcish Mines)
 40240 | Orc:2    | Bought a transparent battleaxe for 402 gold pieces
 40240 | Orc:2    | Identified the +2 battleaxe of Desperation {venom, rPois
                  | rCorr Int-3 Dex+3} (You bought it in a shop on level 2 of
                  | the Orcish Mines)
 40432 | Snake:1  | Entered Level 1 of the Snake Pit
 41592 | Snake:1  | Offered knowledge of Orb of Destruction by Vehumet.
 42662 | Snake:2  | Noticed Donald
 42673 | Snake:2  | Killed Donald
 42884 | Snake:2  | Noticed Jorgrun
 42891 | Snake:2  | Killed Jorgrun
 43078 | Snake:2  | Reached skill level 5 in Shields
 44159 | Snake:3  | Reached XP level 17. HP: 59/163 MP: 22/35
 45167 | Snake:4  | Entered Level 4 of the Snake Pit
 45803 | Snake:4  | Found Xuqon's Distillery.
 45804 | Snake:4  | Found Jixtul's Magic Scroll Shoppe.
 45817 | Snake:4  | Found Guab's Armour Boutique.
 45817 | Snake:4  | Found Vezoegiup's Antique Weapon Boutique.
 45817 | Snake:4  | Found Poerag's Armour Emporium.
 46132 | Snake:4  | Bought a potion of brilliance for 52 gold pieces
 46132 | Snake:4  | Bought a potion of haste for 130 gold pieces
 46132 | Snake:4  | Bought a potion of curing for 39 gold pieces
 46132 | Snake:4  | Bought a potion of invisibility for 104 gold pieces
 46132 | Snake:4  | Bought a potion of mutation for 104 gold pieces
 46132 | Snake:4  | Bought a potion of mutation for 104 gold pieces
 46132 | Snake:4  | Bought a potion of heal wounds for 65 gold pieces
 46132 | Snake:4  | Bought a potion of curing for 39 gold pieces
 46134 | Snake:4  | Bought a scroll of teleportation for 54 gold pieces
 46134 | Snake:4  | Bought a scroll of teleportation for 54 gold pieces
 46134 | Snake:4  | Bought a scroll of amnesia for 63 gold pieces
 46134 | Snake:4  | Bought a scroll of teleportation for 54 gold pieces
 46134 | Snake:4  | Bought a scroll of teleportation for 54 gold pieces
 46136 | Snake:4  | Bought a scroll of identify for 36 gold pieces
 46406 | Snake:4  | Found a runed translucent gate.
 46408 | Snake:4  | Found a runed translucent gate.
 46408 | Snake:4  | Found an opulent altar of Gozag.
 46409 | Snake:4  | Found a runed translucent gate.
 46413 | Snake:4  | Noticed protoss039's ghost (adept FoFi)
 47292 | Snake:4  | Got a serpentine rune of Zot
 47525 | Snake:4  | Noticed Aizul
 47534 | Snake:4  | Killed Aizul
 47542 | Snake:4  | Reached skill level 15 in Spellcasting
 49075 | Lair:2   | Reached XP level 18. HP: 131/172 MP: 37/37
 49184 | Shoals:1 | Entered Level 1 of the Shoals
 49562 | Shoals:1 | Offered knowledge of Ozocubu's Refrigeration by Vehumet.
 49571 | Shoals:1 | Learned a level 7 spell: Ozocubu's Refrigeration
 49617 | Shoals:1 | Noticed Nikola
 49639 | Shoals:1 | Killed Nikola
 50446 | Shoals:2 | Noticed Ilsuiw
 50455 | Shoals:2 | Killed Ilsuiw
 50456 | Shoals:2 | Reached skill level 10 in Shields
 51958 | Shoals:2 | Noticed Polyphemus
 51967 | Shoals:2 | Killed Polyphemus
 51968 | Shoals:2 | Reached XP level 19. HP: 179/179 MP: 8/38
 52540 | Shoals:2 | Identified 3 scrolls of acquirement
 52541 | Shoals:2 | Acquired 917 gold pieces
 52543 | Shoals:2 | Acquired 688 gold pieces
 52545 | Shoals:2 | Acquired the +2 cloak "Hautzoa" {Harm rCorr MP+9 Int+7}
 52799 | Shoals:3 | Reached skill level 15 in Conjurations
 54306 | Shoals:4 | Entered Level 4 of the Shoals
 55133 | Shoals:4 | Reached ****** piety under Vehumet
 55174 | Shoals:4 | Identified the ring of Xeyninaz {Ice Str+2}
 55418 | Shoals:4 | Offered knowledge of Lehudib's Crystal Spear by Vehumet.
 55418 | Shoals:4 | Offered knowledge of Ignition by Vehumet.
 55418 | Shoals:4 | Offered knowledge of Maxwell's Capacitive Coupling by
                  | Vehumet.
 55993 | Shoals:4 | Got a barnacled rune of Zot
 56675 | Shoals:4 | Identified the ring of the Hero {rPois MP+9 Int+3 SInv
                  | Stlth-}
 57103 | Shoals:4 | Identified the +7 hand axe of Veah {protect, rPois rF- rC-
                  | Str+8}
 57462 | Elf:1    | Entered Level 1 of the Elven Halls
 57614 | Elf:1    | Found a radiant altar of Vehumet.
 58630 | Elf:1    | Learned a level 8 spell: Lehudib's Crystal Spear
 58931 | Elf:1    | Found a portal to a secret trove of treasure.
 59168 | Elf:2    | Reached XP level 20. HP: 159/187 MP: 14/40
 59377 | Elf:2    | Found Gaituigi's Armour Boutique.
 59538 | Elf:2    | Found a runed translucent gate.
 59538 | Elf:2    | Found a runed translucent gate.
 59548 | Elf:2    | Found a runed translucent gate.
 61643 | Elf:2    | Learned a level 8 spell: Ignition
 61644 | Elf:3    | Entered Level 3 of the Elven Halls
 61747 | Elf:3    | Reached skill level 1 in Fire Magic
 61819 | Elf:3    | Found Vusmewue's Book Shoppe.
 61834 | Elf:3    | Bought a Necronomicon for 840 gold pieces
 61892 | Elf:3    | Found Hasy's Distillery.
 61937 | Elf:3    | Found Kofe's Book Shoppe.
 61939 | Elf:3    | Found Miumomn's Distillery.
 61947 | Elf:3    | Bought a potion of ambrosia for 120 gold pieces
 61947 | Elf:3    | Bought a potion of curing for 45 gold pieces
 61947 | Elf:3    | Bought a potion of curing for 45 gold pieces
 61947 | Elf:3    | Bought a potion of curing for 45 gold pieces
 61947 | Elf:3    | Bought a potion of resistance for 150 gold pieces
 61947 | Elf:3    | Bought a potion of heal wounds for 75 gold pieces
 61951 | Elf:3    | Bought 2 potions of haste for 400 gold pieces
 61951 | Elf:3    | Bought a potion of haste for 200 gold pieces
 61951 | Elf:3    | Bought a potion of curing for 60 gold pieces
 61951 | Elf:3    | Bought a potion of heal wounds for 100 gold pieces
 61951 | Elf:3    | Bought a potion of haste for 200 gold pieces
 61951 | Elf:3    | Bought a potion of curing for 60 gold pieces
 61951 | Elf:3    | Bought a potion of invisibility for 160 gold pieces
 62149 | Elf:3    | Paralysed by an air elemental for 1 turns
 62152 | Elf:3    | Paralysed by an air elemental for 1 turns
 62538 | Elf:3    | Reached skill level 15 in Shields
 63116 | Elf:3    | Identified the ring of the Ladybird {Will+ Str+6}
 63280 | Elf:3    | Reached skill level 15 in Earth Magic
 63784 | Elf:3    | Identified the +6 war axe "Dehoul" {drain, rPois rF+}
 63959 | Elf:3    | Found the +0 pair of fencer's gloves {Riposte Dex+3}
 63990 | Elf:3    | Identified the +2 pair of gloves "Quotiez" {SInv}
 63995 | Elf:3    | Identified the +2 pair of boots of Hadjma {Int+5}
 64018 | Elf:3    | Got Ameoh's Collected Works on Execration
 64505 | Vaults:1 | Entered Level 1 of the Vaults
 64636 | Vaults:1 | Identified the +9 bardiche of Fimbulwinter {speed, rCorr
                  | Dex+6}
 64643 | Vaults:1 | Reached XP level 21. HP: 38/196 MP: 9/42
 65829 | Vaults:1 | Reached skill level 19 in Fighting
 66366 | Vaults:1 | Got Kikubaaqudgha's Handbook of Unholy Magic
 66734 | Vaults:1 | You fall into a shaft and drop 1 floor!
 66779 | Vaults:2 | Got Sif Muna's Catalogue of Fire
 66787 | Vaults:2 | Found Simoirgh's Antique Armour Boutique.
 67403 | Vaults:2 | Reached skill level 5 in Fire Magic
 69487 | Vaults:3 | Identified the +3 robe "Mewadam" {rPois Dex+2 Slay-2}
 70234 | Vaults:3 | Found a staircase to the Crypt.
 71036 | Vaults:3 | Reached XP level 22. HP: 207/207 MP: 42/44
 71375 | Vaults:3 | Noticed Margery
 71389 | Vaults:3 | Killed Margery
 72081 | Vaults:4 | Reached skill level 20 in Fighting
 72182 | Vaults:4 | Identified the +6 glaive "Athre" {vorpal, Will+ Str+4}
 72210 | Vaults:4 | Noticed Bai Suzhen
 72221 | Vaults:4 | Killed Bai Suzhen
 72322 | Vaults:4 | Noticed Frederick
 72328 | Vaults:4 | Killed Frederick
 73114 | Vaults:4 | Reached skill level 21 in Fighting
 73232 | Vaults:4 | Identified the +4 tower shield "Qinef" {rN+++ Str-5 Slay+5}
 73232 | Vaults:4 | Noticed Mennas
 73249 | Vaults:4 | Killed Mennas
 73329 | Vaults:4 | Reached skill level 10 in Fire Magic
 74576 | Vaults:3 | Learned a level 9 spell: Shatter
 74598 | Crypt:1  | Entered Level 1 of the Crypt
 74605 | Crypt:1  | Noticed Jory
 74622 | Crypt:1  | Killed Jory
 74866 | Crypt:1  | Found an ancient bone altar of Kikubaaqudgha.
 74921 | Crypt:1  | Identified the +0 plate armour of Ornamental Beauty {rF+
                  | rN+}
 76189 | Crypt:1  | Reached XP level 23. HP: 220/220 MP: 32/45
 76570 | Crypt:1  | Found an ancient bone altar of Kikubaaqudgha.
 78744 | Crypt:3  | Entered Level 3 of the Crypt
 79155 | Crypt:2  | Acquired 487 gold pieces
 79581 | Crypt:3  | Acquired the +1 hat "Engekhlot" {Rampage rC+}
 79785 | Crypt:3  | Noticed Khufu
 79802 | Crypt:3  | Killed Khufu
 79802 | Crypt:3  | Noticed a royal mummy
 80117 | Crypt:3  | Killed a royal mummy
 80727 | Crypt:3  | Found a staircase to the Tomb.
 80928 | Crypt:3  | Found an ancient bone altar of Kikubaaqudgha.
 81132 | Crypt:3  | Identified the +5 lajatang "Didasad" {venom, rN+ Will+}
 81132 | Crypt:3  | Noticed a royal mummy
 81147 | Crypt:3  | Killed a royal mummy
 81775 | Crypt:3  | Identified the ring "Vired" {rElec rF+ rN+ Int-4}
 81775 | Crypt:3  | Identified the ring "Robix" {Contam rC+ rN+ Dex+2 SInv}
 81775 | Crypt:3  | Identified the ring of Toacw {Fly rF+ rN+ rCorr Dex+4}
 82427 | Depths:1 | Entered Level 1 of the Depths
 82702 | Depths:1 | Noticed the Enchantress
 82708 | Depths:1 | Killed the Enchantress
 83555 | Depths:1 | Reached XP level 24. HP: 228/228 MP: 46/46
 83993 | Depths:1 | Found a gateway to Hell.
 84070 | Depths:1 | Identified the +1 ring mail "Jacycwysm" {rN+ Dex+3}
 84071 | Depths:1 | Identified the +5 demon blade of the End of Times {elec,
                  | SInv}
 84142 | Depths:1 | Found a one-way gateway to a ziggurat.
 84148 | Depths:1 | Found a snail-covered altar of Cheibriados.
 84962 | Depths:2 | Noticed a juggernaut
 84973 | Depths:2 | Killed a juggernaut
 85654 | Depths:2 | Found a one-way gate leading to the halls of Pandemonium.
 87841 | Depths:3 | Found an opulent altar of Gozag.
 88065 | Depths:3 | Identified the +7 long sword "Xoas" {drain, rPois rC+
                  | Stlth-}
 88171 | Depths:4 | Entered Level 4 of the Depths
 88181 | Depths:4 | Reached skill level 15 in Fire Magic
 89756 | Depths:4 | Found a gate to the Realm of Zot.
 90183 | Depths:4 | Reached XP level 25. HP: 235/235 MP: 37/47
 90685 | Vaults:4 | Learned a level 9 spell: Fire Storm
 90688 | Vaults:5 | Entered Level 5 of the Vaults
 90985 | Vaults:5 | Noticed an ancient lich
 90990 | Vaults:5 | Killed an ancient lich
 91151 | Vaults:5 | Noticed Saint Roka
 91156 | Vaults:5 | Killed Saint Roka
 91156 | Vaults:5 | Identified the +1 scale mail of Inevitability {+Inv Fly rF-
                  | rCorr}
 91483 | Vaults:5 | Noticed an ancient lich
 91487 | Vaults:5 | Killed an ancient lich
 91728 | Vaults:5 | Identified the amulet of the Neverending Deaths {RegenMP
                  | Str+4}
 92313 | Vaults:5 | Identified the ring "Fuutatro" {rN+ Str+6 Dex+2}
 92375 | Vaults:5 | Got the Tome of Weightlessness and the Frostbite
 92423 | Vaults:5 | Got a silver rune of Zot
 92781 | Vaults:5 | Noticed Xtahua
 92785 | Vaults:5 | Killed Xtahua
 93170 | Zot:1    | Entered Level 1 of the Realm of Zot
 93772 | Zot:1    | Reached skill level 22 in Fighting
 95788 | Zot:2    | Reached XP level 26. HP: 212/247 MP: 16/48
 97480 | Zot:3    | Slain by a golden dragon

Illustrated notes

Levels and vault maps discovered:
D:1:      psy_arrival_dodecagon, layout_basic
D:2:      layout_basic, dreamdust_ecumenical_altar_angels_and_demons,
          uniq_jessica
D:3:      layout_basic, mainiacjoe_overflow_cross_hatched, uniq_robin
D:4:      kennysheep_six_static_rooms, layout_loops_cross,
          minmay_misc_feat_secret_circle
D:5:      layout_gridville, okawaru_gym_becter, serial_co_window_serial,
          co_window_corner_a, co_window_of_opportunity_a,
          co_window_of_opportunity_a, co_window_corner_a, co_window_paths_a,
          co_window_unsneaky_path_c, co_window_unsneaky_path_b,
          co_window_corner_cb, co_window_sun, glass_columns_b, glass_columns_a,
          glass_columns_a, glass_columns_c, glass_columns_a,
          chequers_serial_rivers_micro_e
D:6:      minmay_cornered_nines, layout_loops_ring,
          mainiacjoe_overflow_tiny_flanked, minmay_temple_entry_junction,
          enter_ossuary_4, minivault_14, small_statue_intersection,
          guppyfry_shop_venom, uniq_eustachio
D:7:      layout_basic, kennysheep_nub
D:8:      layout_basic, nicolae_ru_awakened_eye, chequers_big_river
D:9:      layout_rooms, david_lair_shrubbed, david_orc_3
D:10:     layout_big_octagon, enter_bailey_7, nicolae_benzene_ring
D:11:     layout_roguey, muffindrake_ghost_dual_entry, uniq_grum
D:12:     minmay_the_grid_triangle_9x9_rhombus_thin
          [minmay_the_grid_triangle_9x9_shrine,
          minmay_the_grid_triangle_9x9_prize_center,
          minmay_the_grid_triangle_9x9_longest,
          minmay_the_grid_triangle_9x9_impossible_snake], layout_stronghold,
          minmay_strange_pillars, hangedman_decor_opposing, nrook_mini_backslash
D:13:     layout_long_grid, skrybe_vaults_entry_preservation,
          hangedman_glass_garden, hellmonk_guarded_unrand_frostbite
D:14:     layout_rooms, minmay_tree_intersection, mikee_hates_you
D:15:     gammafunk_enter_depths_forms, layout_rooms, serial_shops,
          nicolae_shop_hallway_plus, nicolae_shop_advertising_works
          [nicolae_subvault_shop_adworks], shop, uniq_roxanne, uniq_agnes
Temple:   dpeg_five_rooms_temple
Lair:1:   layout_misc_corridors
Lair:2:   layout_cave_pods, minmay_shoals_entry_beasts, portal_ice_cave_rime,
          grunt_megastairs_1
Lair:3:   layout_roguey, nzn_sisyphean_effort
Lair:4:   layout_small_grid, guppyfry_snake_entry_garden, serial_bayou,
          serial_bayou_crossing, serial_bayou_pond_c, serial_bayou_lagoon_b,
          serial_bayou_pond_e
Lair:5:   layout_regular_city, patterned_corridor
Lair:6:   hellmonk_lair_end_abyssal_woods, layout_long_grid, slime_altar_1
Shoals:1: layout_shoals, uniq_nikola
Shoals:2: layout_shoals, uniq_ilsuiw, uniq_polyphemus
Shoals:3: layout_shoals, nicolae_shoals_goliath_grotto
Shoals:4: shoals_end_simple, layout_shoals, nicolae_shoals_seven_spires
Snake:1:  nicolae_snake_nest, layout_honeycomb
Snake:2:  layout_gridlike, uniq_jorgrun, uniq_donald
Snake:3:  layout_layer_cave
Snake:4:  johnstein_snake_rune_scales, layout_gridlike, serial_corexii_hall,
          chequers_hall_statues_corner_a, chequers_hall_statues_wall_a,
          chequers_hall_statues_wall_a, ebering_ghost_gozag,
          nicolae_wooded_promenade, grunt_ministairs_11, uniq_aizul
Orc:1:    layout_diamond_mine
Orc:2:    st_orc_congregation, layout_diamond_mine, nicolae_shop_self_help
Elf:1:    eino_elf_arrival_altar, layout_geoelf_octagon, enter_trove_0,
          minmay_elf_annihilation
Elf:2:    nicolae_elf_blades_splatter_lattice [nicolae_blade_entry_pointy_end],
          layout_geoelf_grid, serial_shops, shop, minmay_strange_pillars,
          corner_web_ring
Elf:3:    minmay_elf_hall_curves, layout_gridlike, serial_shops, shop,
          grunt_megastairs_3, minmay_shop_star
Vaults:1: vaults_room_fancy_cross, nicolae_vaults_network_s,
          vaults_dpeg_diagonal, v_misc_3, ontoclasm_vaults_ring_large,
          st_octagons_2, grunt_vaults_focal, hangedman_vaults_hat,
          vaults_dpeg_encased_lava, nicolae_vaults_circle_grid_a,
          nicolae_vaults_specimen_jars, hangedman_vaults_capsules,
          ontoclasm_vaults_hangar, hangedman_vaults_trim, v_misc_29,
          vaults_room_stairs_pillars, layout_vaults_omnibox
Vaults:2: v_misc_24, st_diamondy, v_pattern_5, nicolae_vaults_ninety_degrees,
          hangedman_vaults_maws, v_rooms_3, v_misc_18, vaults_room_fancy_cross,
          grunt_vaults_hallway_long, nicolae_vaults_angled_halls,
          nicolae_vaults_little_squares_4, nicolae_vaults_little_squares_2,
          layout_vaults_omnicross, serial_shops, shop_statue
Vaults:3: v_misc_23, v_misc_10, minmay_crypt_entry_simple_box,
          vaults_room_large_hall, vaults_standard_mumra_x,
          nicolae_vaults_little_squares_5, vaults_room_pool,
          hangedman_vaults_trim, v_alt_pattern_5, vaults_dpeg_hooks,
          layout_vaults_big_room, uniq_margery
Vaults:4: v_misc_23, hangedman_vaults_corner_blocks, v_misc_30, v_pattern_4,
          vaults_room_fours, nicolae_vaults_yaktaur_gun_rack,
          nicolae_vaults_murderbox, ontoclasm_vaults_shuriken,
          ontoclasm_vaults_tryst, ontoclasm_vaults_ring_small,
          vaults_room_semicircle, layout_vaults_quadrants, uniq_mennas,
          uniq_frederick, uniq_bai_suzhen
Vaults:5: serial_shops, uniq_saint_roka, uniq_xtahua
Crypt:1:  cheibrodos_crypt_down_in_the_bonehoard, layout_chaotic_city,
          st_stairs_10, hex_medium, lemuel_statue_altar, minivault_14,
          minivault_26, uniq_jory
Crypt:2:  layout_chaotic_city
Crypt:3:  church_of_pain_bobbens, layout_chaotic_city,
          tomb_entry_simple_bobbens, grunt_megastairs_5, uniq_khufu
Depths:1: layout_long_grid, enter_ziggurat_e, minmay_holes, hellmouth_2,
          grunt_ministairs_2, chequers_serial_rivers_small_b,
          cheibriados_altar_1, uniq_enchantress
Depths:2: four-leaf_vault, layout_long_grid, pan_entry, hell_entry,
          nicolae_concentric_dashed_squares_mild, serial_bayou_shore_b,
          minmay_staircase_statues
Depths:3: cross_vault, layout_small_grid, hell_entry, grunt_gozag_breadcrumbs,
          hangedman_abyss_entry_splay, nrook_pool_corridor,
          minmay_staircase_statues_hall_small
Depths:4: grunt_x_marks_the_spot, layout_basic, abyss_entry, hell_entry,
          rand_demon_pan_entry_7
Zot:1:    layout_cathedral_of_symmetry, grunt_ministairs_4
Zot:2:    layout_gridlike, grunt_megastairs_2
Zot:3:    layout_gridlike

Skill      XL: |  1  2  3  4  5  6  7  8  9 10 11 12 13 14 15 16 17 18 19 20 21 22 23 24 25 26 |
---------------+-------------------------------------------------------------------------------+-----
Fighting       | 1 2 3 4 5 6 9 11 13 15 16 17 18 19 21 22 | 22.4
Spellcasting   | 3 4 7 8 9 10 11 12 13 14 15 16 17 18 19 20 21 | 21.6
Conjurations   | 5 6 8 9 10 11 12 14 15 | 15.0
Stealth        | 3 |  3.0
Dodging        | 3 |  3.0
Earth Magic    | 3 6 8 10 11 12 13 15 16 17 19 20 | 20.3
Necromancy     | 2 6 8 9 |  9.0
Transmutations | 2 5 6 8 9 |  9.0
Shields        | 6 9 10 13 15 17 18 19 21 | 21.1
Fire Magic     | 3 7 11 13 15 | 15.0

Action                   |  1- 3 |  4- 6 |  7- 9 | 10-12 | 13-15 | 16-18 | 19-21 | 22-24 | 25-27 || total
-------------------------+-------+-------+-------+-------+-------+-------+-------+-------+-------++-------
Melee: Dagger            |    13 |       |       |     8 |     3 |       |       |       |       ||    24
       Unarmed           |     5 |       |       |       |       |       |       |       |       ||     5
       Tailslap          |     3 |     5 |    40 |    49 |    72 |    48 |    64 |   145 |    15 ||   441
       Spear             |    36 |     5 |       |       |       |       |       |       |       ||    41
       Whip              |       |    48 |       |       |       |       |       |       |       ||    48
       Punch             |       |     1 |     5 |     6 |     9 |       |       |       |       ||    21
       Mace              |       |    24 |   195 |   252 |   271 |   187 |   232 |   445 |    28 ||  1634
       Hand axe          |       |       |     3 |       |       |       |       |       |       ||     3
       Executioner's axe |       |       |       |       |    39 |       |       |       |       ||    39
       Bite              |       |       |       |       |    35 |    30 |    47 |   106 |    12 ||   230
       Falchion          |       |       |       |       |       |       |     8 |       |    22 ||    30
Throw: Throwing net      |       |       |       |     1 |       |       |       |       |       ||     1
 Cast: Magic Dart        |    21 |    10 |     7 |    44 |       |       |       |       |       ||    82
       Searing Ray       |     9 |    20 |    40 |    66 |     4 |       |       |       |       ||   139
       Mephitic Cloud    |       |       |     5 |    44 |     7 |       |     3 |       |       ||    59
       Sandblast         |       |       |       |    21 |    10 |       |     1 |       |       ||    32
       Iskenderun's Myst |       |       |       |    26 |   114 |    43 |    40 |    21 |     2 ||   246
       Freezing Cloud    |       |       |       |     8 |    71 |    70 |    97 |    52 |     6 ||   304
       Stone Arrow       |       |       |       |       |    68 |     3 |       |       |       ||    71
       Borgnjor's Vile C |       |       |       |       |   105 |   172 |   289 |   266 |    70 ||   902
       Iron Shot         |       |       |       |       |    58 |   164 |   307 |   272 |    55 ||   856
       Lee's Rapid Decon |       |       |       |       |     8 |     2 |       |       |       ||    10
       Statue Form       |       |       |       |       |     2 |    37 |    69 |    55 |    19 ||   182
       Passwall          |       |       |       |       |       |     1 |     1 |     1 |     1 ||     4
       Lehudib's Crystal |       |       |       |       |       |       |    13 |    29 |    30 ||    72
       Ignition          |       |       |       |       |       |       |       |    65 |    27 ||    92
       Shatter           |       |       |       |       |       |       |       |       |    38 ||    38
 Abil: Breathe Acid      |       |       |     4 |     9 |     2 |       |       |     1 |       ||    16
       End Transformatio |       |       |       |       |     2 |     8 |    14 |     7 |     9 ||    40
Evoke: Wand              |       |       |     1 |    13 |       |     2 |     3 |     1 |       ||    20
  Use: Scroll            |       |       |     4 |     8 |    12 |     8 |    11 |     7 |     2 ||    52
       Potion            |       |       |     3 |     1 |     3 |     5 |     5 |     2 |     5 ||    24
 Stab: Sleeping          |     5 |     1 |     2 |       |     1 |     1 |       |       |       ||    10
       Distracted        |       |       |     1 |       |     1 |       |       |     4 |       ||     6
       Paralysed         |       |       |       |    11 |       |       |       |       |       ||    11
       Confused          |       |       |       |     6 |     1 |       |     1 |       |       ||     8
       Petrified         |       |       |       |       |       |     1 |       |       |       ||     1
Armor: Skin              |    23 |    44 |   129 |   119 |   171 |   326 |   309 |   551 |   270 ||  1942
Dodge: Dodged            |    46 |    71 |   158 |   394 |   443 |   311 |   268 |   359 |   148 ||  2198
Block: Buckler           |       |       |       |       |       |   134 |   374 |   433 |    76 ||  1017
       Kite shield       |       |       |       |       |       |    59 |       |       |   120 ||   179
       Reflection        |       |       |       |       |       |    11 |    66 |    15 |     5 ||    97
       Tower shield      |       |       |       |       |       |       |       |   516 |       ||   516
